 Dungeon Crawl Stone Soup version 0.29-a0-40-g8eb35efe60 (webtiles) character file.

Game seed: 9606823374905279695

67707 robertstho the Tortoise (level 14, -5/133 (140) HPs)
             Began as a Minotaur Berserker on Feb 1, 2022.
             Was a High Priest of Trog.
             Killed from afar by a ynoxinul (20 damage)
             ... with an iron shot
             ... summoned by an orc sorcerer
             ... on level 2 of the Orcish Mines.
             The game lasted 00:28:31 (16714 turns).

robertstho the Tortoise (Minotaur Berserker)       Turns: 16714, Time: 00:28:34

HP:   -5/133 (140)  AC: 24    Str: 28    XL:     14   Next: 83%
MP:   13/13         EV: 10    Int: 11    God:    Trog [*****.]
Gold: 1733          SH: 11    Dex: 11    Spells: 13/13 levels left

rFire   + . .      SeeInvis +   j - +9 mace "Hurghoyr" {vorpal, rElec Will+ Int+5 Stlth+}
rCold   + . .      Faith    .   M - +1 buckler {rC+}
rNeg    + . .      Spirit   .   J - +0 plate armour
rPois   .          Reflect  +   (helmet restricted)
rElec   +          Harm     .   (no cloak)
rCorr   .          Rampage  .   (no gloves)
Will    ++...                   h - +0 pair of boots "Luby" {Regen+}
Stlth   ..........              H - amulet of reflection
HPRegen 1.12/turn               k - +4 ring of protection
MPRegen 0.13/turn               o - ring of Maowiosch {rF+ rN+ Str+4 SInv Stlth-}

@: on berserk cooldown, slowed, drained, very slow
A: horns 2, retaliatory headbutt
a: Renounce Religion, Berserk, Trog's Hand, Brothers in Arms


You were on level 2 of the Orcish Mines.
You worshipped Trog.
Trog was extremely pleased with you.
You visited 3 branches of the dungeon, and saw 20 of its levels.
You also visited: Ice Cave.

You collected 1733 gold pieces.

Inventory:

Hand Weapons
 i - a +0 war axe
 j - the +9 mace "Hurghoyr" (weapon) {vorpal, rElec Will+ Int+5 Stlth+}
   (You found it on level 3 of the Dungeon)

   It inflicts extra damage upon your enemies.
   Int:       It affects your intelligence (+5).
   rElec:     It insulates you from electricity.
   Will:      It increases your willpower.
   Stlth:     It makes you more stealthy.
 y - a +2 scimitar of flaming
Armour
 h - the +0 pair of boots "Luby" (worn) {Regen+}
   (You acquired it on level 4 of the Dungeon)

   Regen:     It increases your rate of health regeneration.
 J - a +0 plate armour (worn)
 M - a +1 buckler of cold resistance (worn)
Jewellery
 k - a +4 ring of protection (left hand)
 o - the ring of Maowiosch (right hand) {rF+ rN+ Str+4 SInv Stlth-}
   (You found it in an ice cave)

   [ring of positive energy]

   Str:       It affects your strength (+4).
   rF:        It protects you from fire.
   rN:        It protects you from negative energy.
   SInv:      It lets you see invisible.
   Stlth:     It makes you less stealthy.
 v - a +6 ring of dexterity
 F - a ring of ice
 H - an amulet of reflection (around neck)
 K - a ring of fire
 P - a ring of resist corrosion
Wands
 p - a wand of acid (9)
 t - a wand of flame (34)
 w - a wand of digging (12)
 x - a wand of polymorph (11)
 z - a wand of paralysis (15)
 E - a wand of iceblast (12)
 T - a wand of charming (8)
Scrolls
 e - 2 scrolls of enchant weapon
 f - 3 scrolls of fog
 n - 5 scrolls of enchant armour
 r - 2 scrolls of immolation
 s - 2 scrolls of blinking
 A - a scroll of silence {unknown}
 B - 9 scrolls of teleportation
 C - a scroll of holy word
 D - 2 scrolls of fear
 O - a scroll of summoning
 Q - 2 scrolls of identify
 R - 3 scrolls of magic mapping
Potions
 a - 3 potions of haste
 c - 3 potions of cancellation
 d - 5 potions of ambrosia
 g - 2 potions of flight
 l - 3 potions of attraction {unknown}
 m - 8 potions of curing
 q - 2 potions of mutation
 u - 2 potions of resistance
 G - 2 potions of lignification {unknown}
 I - 11 potions of heal wounds {unknown}
 N - a potion of invisibility
 S - 2 potions of brilliance {unknown}
Miscellaneous
 b - a tin of tremorstones (2/2)
 L - a condenser vane


   Skills:
 * Level 17.2 Fighting
 + Level 6.1(11.6) Axes
 + Level 15.2(15.7) Maces & Flails
 * Level 19.0 Armour
 + Level 5.3 Dodging
 + Level 1.8 Stealth
 + Level 7.1 Shields
 + Level 2.2 Unarmed Combat


You had 13 spell levels left.
You didn't know any spells.
Your spell library was empty.

Dungeon Overview and Level Annotations

Branches:
Dungeon (12/15)            Temple (0/1) D:4            Lair (6/6) D:11
 Shoals (0/4) Lair:2        Snake (0/4) Lair:4        Slime (0/5) Lair:6
    Orc (2/2) D:10            Elf (0/3) Orc:2         IceCv (visited)

Altars:
Ashenzari
Dithmenos
Elyvilon
Fedhas
Makhleb
Qazlal
Sif Muna
Trog
Yredelemnul
The Shining One
Beogh
Lugonu

Shops:
Orc:2 :

Portals:
Abyss: Lair:6

Annotations:
D:4 2 transporters
D:12 exclusion: orange crystal statue


Innate Abilities, Weirdness & Mutations

You have a pair of horns on your head.
You reflexively headbutt those who attack you in melee.


Message History

The ufetubus hits you but does no damage.
The orc wizard hits you but does no damage.
An orc comes into view. It is wielding a +0 club.
The orc sorcerer hits you but does no damage.
The ufetubus hits you but does no damage. x2
The ynoxinul hits you.
* * * LOW HITPOINT WARNING * * *
The ufetubus hits you but does no damage.
The ufetubus barely misses you.
The orc wizard hits you but does no damage.
The orc sorcerer gestures wildly while chanting.
The orc priest miscasts a cantrip.
An orc priest comes into view. It is wielding a +0 falchion.
The ynoxinul hits you but does no damage.
The ufetubus hits you but does no damage. x2
The orc wizard hits you but does no damage.
The orc sorcerer wildly gestures.
The orc sorcerer glows brightly for a moment.
The orc sorcerer hits you but does no damage.
The orc priest casts a cantrip, but nothing happens.
The ynoxinul gestures.
You can move again.
You sock the orc sorcerer!
The orc sorcerer is severely wounded.
You block the orc wizard's attack.
Unknown command.
You bludgeon the orc sorcerer!!
You kill the orc sorcerer!
Trog accepts your kill.
Trog appreciates your killing of a magic user.
The ice devil disappears in a puff of smoke!
You are no longer berserk.
You are exhausted.
You feel yourself slow down.
The orc priest mumbles some strange prayers to Beogh against you.
Beogh smites you!
* * * LOW HITPOINT WARNING * * *
The ynoxinul gestures at you. The iron shot hits you!!
You die...

..........................
......................##.#
......).).................
......)..................#
......)))..............##
....##).).......... ...
......))))........
........)ยง)......
..######5@o###### .
#...oo)o35....#
....o55oo5.....
....o#####..... .....
..... ....# .... ...# #...
.#. .#.


You could see a ynoxinul (summoned), an orc sorcerer, 2 orc priests, 2 orc
wizards, 3 orcs and 5 ufetubi.

Vanquished Creatures
  The ghost of riojii the Blocker, a journeyman FoFi of Makhleb (Lair:4)
  9 hydras
  2 boulder beetles
  7 two-headed ogres
  3 catoblepae (Lair:6)
  Erica (D:9)
  12 death yaks (Lair:6)
  The ghost of tonyyikes the Reanimator, a novice DDNe of Makhleb (D:10)
  An orc high priest (Orc:2)
  An orc knight (Orc:2)
  A necromancer (IceCv)
  An ugly thing (D:11)
  4 orc sorcerers (Orc:2)
  4 elephants (Lair:6)
  2 cyclopes
  3 manticores
  4 black mambas
  Joseph (D:7)
  An ice statue (IceCv)
  13 cane toads
  A freezing wraith (IceCv)
  A rime drake (Lair:1)
  11 komodo dragons
  3 anaconda simulacra (IceCv)
  An entropy weaver simulacrum (IceCv)
  3 meliai (Lair:5)
  8 ice devils (IceCv)
  A queen bee (Lair:5)
  A troll (D:11)
  16 blink frogs
  A polar bear (Lair:2)
  2 hornets
  6 dream sheep (Lair:6)
  Sigmund (D:2)
  8 wyverns
  4 dire elephant simulacra (IceCv)
  2 wraiths
  53 yaks
  2 basilisks
  2 harpy simulacra (IceCv)
  2 wargs (Orc:2)
  A naga (Lair:4)
  3 death yak simulacra (IceCv)
  14 water moccasins
  Duvessa (D:4)
  A swamp drake (D:11)
  2 ice beasts (D:8)
  2 sky beasts
  11 orc warriors
  3 centaurs
  6 ogres
  8 wolves
  A phantom (D:7)
  A kobold brigand (D:6)
  A two-headed ogre simulacrum (IceCv)
  12 bullfrogs
  3 cane toad simulacra (IceCv)
  2 scorpions
  Dowan (D:4)
  A water moccasin skeleton (D:5)
  5 elephant simulacra (IceCv)
  22 killer bees
  7 howler monkeys
  5 wights (D:6)
  2 electric eels
  3 centaur zombies
  5 jellies
  A bullfrog zombie (D:6)
  13 orc priests
  A centaur skeleton (D:7)
  2 gnoll shamans (D:4)
  Ijyb (D:4)
  A bullfrog skeleton (D:6)
  20 orc wizards
  3 troll simulacra (IceCv)
  5 polar bear simulacra (IceCv)
  A spriggan simulacrum (IceCv)
  2 killer bee zombies (D:6)
  2 wolf simulacra (IceCv)
  2 hound skeletons (D:4)
  4 howler monkey zombies
  An adder (D:5)
  14 gnolls
  2 white imps (D:6)
  2 ufetubi
  An adder skeleton (D:4)
  3 worms
  3 dart slugs
  37 orcs
  6 ball pythons
  15 endoplasms
  3 giant cockroaches
  3 goblins (D:4)
  7 hobgoblins
  4 jackals (D:4)
  5 quokkas
  4 bats
  4 frilled lizards
  20 kobolds
  2 rats (D:3)
  A lurking horror (Lair:6)
519 creatures vanquished.

Vanquished Creatures (collateral kills)
  Harold (D:10)
  3 ice devils (IceCv)
  A vampire (D:10)
  A harpy simulacrum (IceCv)
  3 orc warriors
  5 orc priests (Orc:2)
  5 orc wizards
  A wolf simulacrum (IceCv)
  5 orcs
25 creatures vanquished.

Vanquished Creatures (others)
  An orc wizard (Orc:2)
  18 fungi
  33 plants
52 creatures vanquished.

Grand Total: 596 creatures vanquished

Notes
Turn   | Place    | Note
-------+----------+-------------------------------------------
     0 | D:1      | robertstho the Minotaur Berserker began the quest for the
                  | Orb.
     0 | D:1      | Reached XP level 1. HP: 19/19 MP: 0/0
   328 | D:1      | Reached XP level 2. HP: 27/27 MP: 1/1
   867 | D:2      | Reached XP level 3. HP: 33/33 MP: 2/2
   936 | D:2      | Reached ** piety under Trog
  1153 | D:2      | Noticed Sigmund
  1161 | D:2      | Killed Sigmund
  1162 | D:2      | Reached skill level 5 in Fighting
  1162 | D:2      | Reached skill level 5 in Axes
  1162 | D:2      | Reached skill level 3 in Armour
  1162 | D:2      | Reached XP level 4. HP: 42/42 MP: 3/3
  1162 | D:2      | Reached XP level 5. HP: 48/48 MP: 4/4
  1250 | D:2      | Found a faded altar of an unknown god.
  1446 | D:3      | Found a shadowy altar of Dithmenos.
  1635 | D:3      | Identified the +9 mace "Hurghoyr" {vorpal, rElec Will+
                  | Int+5 Stlth+}
  1682 | D:3      | Found a faded altar of an unknown god.
  1752 | D:3      | Found a burning altar of Makhleb.
  2048 | D:3      | Found a white marble altar of Elyvilon.
  2054 | D:3      | Found a basalt altar of Yredelemnul.
  2056 | D:3      | Found a blossoming altar of Fedhas.
  2253 | D:3      | Found a shimmering blue altar of Sif Muna.
  2253 | D:3      | You fall into a shaft and drop 2 floors!
  2253 | D:5      | Entered Level 5 of the Dungeon
  2343 | D:5      | Found a glowing golden altar of the Shining One.
  2415 | D:5      | Noticed an ogre
  2419 | D:5      | Killed an ogre
  2420 | D:5      | Reached skill level 4 in Armour
  2420 | D:5      | Reached XP level 6. HP: 56/56 MP: 5/5
  2573 | D:5      | Reached skill level 1 in Maces & Flails
  2805 | D:5      | Reached skill level 5 in Armour
  2871 | D:4      | Reached XP level 7. HP: 58/61 MP: 6/6
  2947 | D:4      | Noticed Ijyb
  2952 | D:4      | Killed Ijyb
  3133 | D:4      | Identified a scroll of acquirement
  3133 | D:4      | Acquired the +0 pair of boots "Luby" {Regen+}
  3394 | D:4      | Found a transporter.
  3445 | D:4      | Found a staircase to the Ecumenical Temple.
  3466 | D:4      | Noticed Dowan
  3468 | D:4      | Noticed Duvessa
  3489 | D:5      | Reached *** piety under Trog
  3961 | D:5      | Reached skill level 6 in Armour
  4164 | D:4      | Found a transporter.
  4198 | D:4      | Killed Duvessa
  4199 | D:4      | Reached XP level 8. HP: 71/71 MP: 7/7
  4202 | D:4      | Killed Dowan
  4203 | D:4      | Reached skill level 5 in Maces & Flails
  4269 | D:4      | Reached skill level 7 in Armour
  4424 | D:4      | Identified the +3 leather armour of Rywae {Str+3}
  4494 | D:6      | Reached skill level 1 in Stealth
  4647 | D:6      | Reached skill level 8 in Armour
  4797 | D:6      | Reached skill level 9 in Armour
  4803 | D:6      | Reached XP level 9. HP: 73/79 MP: 8/8
  4945 | D:6      | Identified the +0 chain mail of the Tuna {Will- Int+3}
  5315 | D:7      | Found a broken altar of Ashenzari.
  5385 | D:7      | Noticed Joseph
  5399 | D:7      | Killed Joseph
  5400 | D:7      | Reached skill level 10 in Armour
  5446 | D:7      | Found a stormy altar of Qazlal.
  5461 | D:7      | Reached **** piety under Trog
  5865 | D:8      | Noticed a two-headed ogre
  5870 | D:8      | Killed a two-headed ogre
  5871 | D:8      | Reached skill level 1 in Unarmed Combat
  5871 | D:8      | Reached XP level 10. HP: 90/90 MP: 9/9
  6147 | D:8      | Reached skill level 11 in Armour
  6470 | D:9      | Noticed a two-headed ogre
  6477 | D:9      | Killed a two-headed ogre
  6570 | D:9      | Noticed Erica
  6583 | D:9      | Killed Erica
  6859 | D:9      | Reached skill level 12 in Armour
  6882 | D:9      | Noticed a two-headed ogre
  6891 | D:9      | Killed a two-headed ogre
  6892 | D:9      | Reached skill level 10 in Fighting
  6892 | D:9      | Reached skill level 10 in Maces & Flails
  7255 | D:9      | Reached XP level 11. HP: 100/100 MP: 10/10
  7287 | D:10     | Entered Level 10 of the Dungeon
  7305 | D:10     | Noticed a two-headed ogre
  7312 | D:10     | Killed a two-headed ogre
  7394 | D:10     | Noticed tonyyikes's ghost (novice DDNe)
  7401 | D:10     | Found a runed translucent door.
  7513 | D:10     | Noticed Harold
  7560 | D:10     | Killed Harold
  7561 | D:10     | Reached skill level 13 in Armour
  7766 | D:10     | Found a bloodstained altar of Trog.
  7819 | D:10     | Noticed a two-headed ogre
  7827 | D:10     | Killed a two-headed ogre
  7878 | D:10     | Found a staircase to the Orcish Mines.
  7974 | D:10     | Killed tonyyikes's ghost
  8261 | D:11     | Found a frozen archway.
  8264 | D:11     | Noticed a boulder beetle
  8274 | D:11     | Killed a boulder beetle
  8275 | D:11     | Reached skill level 14 in Armour
  8283 | IceCv    | Entered an ice cave
  8764 | IceCv    | Found an ancient bone altar of Kikubaaqudgha.
  8772 | IceCv    | Reached XP level 12. HP: 96/112 MP: 11/11
  9118 | IceCv    | Identified the ring of Maowiosch {rF+ rN+ Str+4 SInv
                  | Stlth-}
  9183 | IceCv    | Reached skill level 15 in Armour
  9451 | D:11     | Noticed a two-headed ogre
  9453 | D:11     | Noticed a two-headed ogre
  9461 | D:11     | Killed a two-headed ogre
  9462 | D:11     | Reached skill level 1 in Shields
  9463 | D:11     | Killed a two-headed ogre
  9496 | D:11     | Found a staircase to the Lair.
  9930 | D:12     | Noticed a seven-headed hydra
  9938 | D:12     | Killed a seven-headed hydra
 10005 | D:12     | Noticed a death knight
 10139 | Lair:1   | Entered Level 1 of the Lair of Beasts
 10234 | Lair:1   | Reached skill level 16 in Armour
 10426 | Lair:1   | Reached ***** piety under Trog
 10447 | Lair:1   | Reached XP level 13. HP: 105/123 MP: 12/12
 11334 | Lair:2   | Found a staircase to the Shoals.
 12456 | Lair:4   | Found a staircase to the Snake Pit.
 12711 | Lair:4   | Found a runed translucent gate.
 12711 | Lair:4   | Found a runed translucent gate.
 12711 | Lair:4   | Found a runed translucent gate.
 12713 | Lair:4   | Noticed riojii's ghost (journeyman FoFi)
 12859 | Lair:4   | Reached skill level 5 in Dodging
 13296 | Lair:4   | Reached skill level 17 in Armour
 13426 | Lair:4   | Killed riojii's ghost
 13427 | Lair:4   | Reached skill level 15 in Fighting
 13637 | Lair:5   | Reached skill level 5 in Shields
 14348 | Lair:6   | Entered Level 6 of the Lair of Beasts
 14396 | Lair:6   | Received a gift from Trog
 14419 | Lair:6   | Reached XP level 14. HP: 92/135 MP: 13/13
 14585 | Lair:6   | Reached skill level 18 in Armour
 15073 | Lair:6   | Reached skill level 15 in Maces & Flails
 15497 | Lair:6   | Found a one-way gate to the infinite horrors of the Abyss.
 15498 | Lair:6   | Found a corrupted altar of Lugonu.
 15597 | Lair:6   | Found a staircase to the Slime Pits.
 16161 | Orc:1    | Entered Level 1 of the Orcish Mines
 16324 | Orc:2    | Entered Level 2 of the Orcish Mines
 16354 | Orc:2    | Received a gift from Trog
 16441 | Orc:2    | Found Alucw's Self-Improvement Boutique.
 16468 | Orc:2    | Found a staircase to the Elven Halls.
 16612 | Orc:2    | Reached skill level 19 in Armour
 16702 | Orc:2    | Received a gift from Trog
 16706 | Orc:2    | Paralysed by an orc sorcerer for 6 turns
 16714 | Orc:2    | Killed from afar by a ynoxinul

Illustrated notes

Levels and vault maps discovered:
D:1:      dpeg_arrival_lava_temple_mockup, layout_basic
D:2:      layout_rooms, hellmonk_ecumenical_altar_arch_garden, uniq_sigmund
D:3:      layout_loops_ring, nicolae_overflow_ecumenical_swirl, bloody_makhleb,
          minitemple, mainiacjoe_overflow_tiny_flanked, grunt_ministairs_12
D:4:      gammafunk_cloud_chamber, layout_rooms,
          minmay_temple_entry_gardened_gates, uniq_ijyb, uniq_duvessa
D:5:      layout_loops_ring, nicolae_overflow_crystal_walls,
          minmay_misc_feat_roman, st_stairs_12
D:6:      layout_loops_ring
D:7:      layout_cave_pools, lemuel_tele_altar, evilmike_ruin_ashenzari,
          minmay_misc_feat_hallway, uniq_joseph
D:8:      layout_cave_pools
D:9:      layout_grid_maze, uniq_erica
D:10:     layout_small_grid, mainiacjoe_overflow_paths,
          minmay_orc_entry_temple_small, hellmonk_ghost_happy_afterlife,
          uniq_harold
D:11:     layout_rooms, erik_lair_dragon, portal_ice_cave_entry_pillars_2,
          hex_intersection
D:12:     layout_stronghold, minivault_16
Lair:1:   layout_loops_ring, grunt_megastairs_1, infiniplex_staircase_pool
Lair:2:   layout_gridlike, shoals_dummy_entry
Lair:3:   layout_hall_layers, serial_bayou_pond_e,
          nicolae_lair_grove_arrangements
Lair:4:   layout_regular_city, guppyfry_snake_entry_island,
          gammafunk_ghost_hydra_chop, cheibrodos_lair_reptile_den,
          infiniplex_staircase_pool_2
Lair:5:   layout_loops_ring, special_room [special_room_bee],
          chequers_serial_rivers_marsh, serial_bayou_shore_a, grunt_megastairs_4
Lair:6:   evilmike_catoblepas_cave, layout_gridlike,
          nicolae_slime_entry_slimehenge, amcnicky_altar_lugonu_corruption
Orc:1:    layout_caves, basic_altar, gammafunk_ghost_grave
Orc:2:    st_orc_mages, layout_diamond_mine, nicolae_shop_self_help

Skill      XL: |  1  2  3  4  5  6  7  8  9 10 11 12 13 14 |
---------------+-------------------------------------------+-----
Fighting       | 4 5 6 7 8 10 12 13 15 17 | 17.2
Axes           | 4 5 6 |  6.1
Armour         | 3 4 5 6 9 10 12 14 16 17 19 | 19.0
Maces & Flails | 1 4 6 8 10 12 13 14 15 | 15.2
Dodging        | 3 4 5 |  5.3
Stealth        | 1 |  1.8
Unarmed Combat | 1 2 |  2.2
Shields        | 2 5 7 |  7.1

Action                   |  1- 3 |  4- 6 |  7- 9 | 10-12 | 13-15 || total
-------------------------+-------+-------+-------+-------+-------++-------
Melee: Hand axe          |    76 |    10 |       |       |       ||    86
       Headbutt          |    10 |    10 |    33 |    96 |   170 ||   319
       Mace              |       |    49 |   195 |   436 |   747 ||  1427
       War axe           |       |     2 |       |       |       ||     2
       Punch             |       |     1 |     1 |     4 |       ||     6
       Unarmed           |       |       |     9 |       |       ||     9
Invok: Berserk           |     1 |     2 |     7 |    17 |     9 ||    36
       Brothers in Arms  |       |       |       |     2 |     1 ||     3
       Trog's Hand       |       |       |       |     2 |       ||     2
Evoke: Wand              |       |       |       |       |     1 ||     1
  Use: Scroll            |     3 |       |     6 |    12 |     3 ||    24
       Potion            |       |       |       |     2 |       ||     2
 Stab: Sleeping          |     1 |       |       |       |       ||     1
Armor: Animal skin       |    16 |       |       |       |       ||    16
       Chain mail        |     7 |    38 |    92 |    69 |       ||   206
       Skin              |       |       |     1 |       |       ||     1
       Plate armour      |       |       |       |   160 |   318 ||   478
Dodge: Dodged            |    31 |    33 |   105 |   177 |   202 ||   548
Block: Buckler           |       |       |       |    52 |   322 ||   374
       Reflection        |       |       |       |     2 |     2 ||     4

Table legend: (Time is in decaauts)
 A = Elapsed time spent in this place.
 B = Non-inter-level travel time spent in this place.
 C = Inter-level travel time spent in this place.
 D = Time resting spent in this place.
 E = Time spent auto-exploring this place.
 F = Levels seen in this place.
 G = Mean time per level.
                   A        B        C        D        E       F      G
               +--------+--------+--------+--------+--------+-----+--------+
         Total |  16784 |  16005 |    779 |   2162 |  10830 |  21 |  799.2 |
       Dungeon |   9307 |   8824 |    483 |   1449 |   5812 |  12 |  775.6 |
          Lair |   5818 |   5533 |    285 |    137 |   4323 |   6 |  969.7 |
  Orcish Mines |    531 |    521 |     10 |     70 |    312 |   2 |  265.5 |
      Ice Cave |   1127 |   1127 |      0 |    506 |    383 |   1 | 1127.0 |
               +--------+--------+--------+--------+--------+-----+--------+

Top non-repeatable levels by time:
  Lair:6: 1552 daAuts
     D:5: 1279 daAuts
   IceCv: 1127 daAuts
     D:3: 1050 daAuts
  Lair:4: 979 daAuts
     D:9: 922 daAuts
    D:11: 907 daAuts
  Lair:5: 878 daAuts
  Lair:1: 875 daAuts
    D:10: 871 daAuts
  Lair:2: 834 daAuts
     D:4: 802 daAuts
     D:1: 761 daAuts
     D:6: 747 daAuts
     D:2: 704 daAuts
